AoeStats
← vincent.barre29

Fortress

509327671Analyzed
4v4 RM · 6d ago on Sep 26, 2026· 41m 27s· 8 players
Game mode
Random Map
Map size
Huge
Population
200
Speed
Normal
Resources
Standard
Victory
Conquest
Starting age
Dark Age
Ending age
Imperial Age
RankedLock teamsTeams togetherTeam positionsShared explorationLock speedFull tech treeHidden civsTurbo modeCheats
Victory
Defeat
🇦🇺 Vikings · Australia
1001
+6
🇮🇩 Slavs · Indonesia
971
+7
🇷🇺 Bulgarians · Russia
897
+9
🇳🇿 Goths · New Zealand
885
+9
🇫🇷 Teutons · France
821
-11
🇨🇳 Franks · China
756
-8
🇧🇬 Magyars · Bulgaria
692
-6
🇨🇳 Byzantines · China
676
-6
IskoB
7:48 Feudal Age
7:52 Loom
8:18 Horse Collar
13:00 Castle Age
11:15 Double-Bit Axe
14:43 Corvinian Army
17:37 Bloodlines
17:30 Husbandry
27:20 Imperial Age
30:11 Conscription
31:30 Wheelbarrow
31:14 Town Watch
32:16 Bow Saw
32:52 Parthian Tactics
32:57 Heavy Cavalry Archer
33:57 Heavy Plow
vincent.barre29
0:47 Loom
5:33 Feudal Age
6:02 Double-Bit Axe
6:00 Horse Collar
15:27 Castle Age
13:31 Scale Mail Armor
13:42 Forging
15:06 Fletching
15:23 Scale Barding Armor
16:15 Heavy Plow
16:29 Bow Saw
21:21 Wheelbarrow
20:32 Town Watch
21:38 Caravan
28:20 Imperial Age
27:33 Bodkin Arrow
28:13 Iron Casting
27:54 Chain Mail Armor
28:00 Chain Barding Armor
28:58 Elite Teutonic Knight
30:41 Hand Cart
30:00 Cavalier
33:52 Crop Rotation
34:26 Two-Man Saw
33:16 Paladin
34:07 Pikeman
34:48 Squires
35:19 Halberdier
38:46 Blast Furnace
38:17 Plate Mail Armor
38:13 Chain Barding Armor
524653466
1:10 Loom
8:51 Feudal Age
10:17 Wheelbarrow
9:30 Double-Bit Axe
10:00 Horse Collar
15:56 Gold Mining
16:26 Stone Mining
23:15 Castle Age
21:58 Forging
21:51 Scale Mail Armor
23:15 Scale Barding Armor
24:15 Hand Cart
24:13 Bow Saw
24:07 Heavy Plow
25:43 Gold Shaft Mining
28:51 Imperial Age
27:31 Iron Casting
27:18 Chain Barding Armor
27:47 Stone Shaft Mining
30:16 Chain Mail Armor
30:39 Plate Barding Armor
31:27 Crop Rotation
32:00 Two-Man Saw
31:00 Pikeman
32:15 Caravan
33:29 Plate Mail Armor
33:43 Logistica
33:37 Squires
34:56 Halberdier
36:01 Fletching
38:29 Bodkin Arrow
38:35 Padded Archer Armor
38:55 Husbandry
715113342
1:01 Loom
7:53 Feudal Age
15:53 Castle Age
17:08 Double-Bit Axe
18:42 Stone Mining
18:42 Gold Mining
21:30 Gold Shaft Mining
23:11 Wheelbarrow
24:30 Hand Cart
29:59 Imperial Age
30:36 Scale Barding Armor
30:31 Scale Mail Armor
30:42 Forging
30:23 Fletching
30:33 Padded Archer Armor
31:59 Husbandry
31:20 Cavalier
31:23 Pikeman
32:03 Squires
31:49 Arson
32:52 Chain Barding Armor
32:48 Chain Mail Armor
33:31 Bow Saw
33:08 Halberdier
33:22 Paladin
36:13 Plate Barding Armor
37:56 Plate Mail Armor
38:02 Iron Casting
37:22 Bodkin Arrow
37:43 Leather Archer Armor
41:13 Chemistry
40:34 Ballistics
velllll
0:45 Loom
8:16 Feudal Age
8:43 Double-Bit Axe
8:39 Horse Collar
13:39 Castle Age
12:31 Gold Mining
12:33 Stone Mining
14:32 Bow Saw
14:22 Gambesons
14:47 Scale Mail Armor
15:37 Chain Mail Armor
17:18 Town Watch
17:31 Fletching
19:49 Squires
20:30 Heavy Plow
21:28 Wheelbarrow
21:33 Pikeman
22:35 Bodkin Arrow
26:05 Bloodlines
25:56 Husbandry
26:28 Ballistics
29:15 Imperial Age
28:33 Gold Shaft Mining
29:39 Stone Shaft Mining
29:46 Forging
29:42 Scale Barding Armor
29:45 Stirrups
30:10 Masonry
29:32 Capped Ram
30:56 Bracer
31:27 Plate Mail Armor
31:18 Chain Barding Armor
33:06 Architecture
32:55 Caravan
34:41 Conscription
35:47 Plate Barding Armor
35:48 Iron Casting
35:45 Siege Ram
37:01 Elite Konnik
jacinfa arderb
8:39 Feudal Age
9:37 Double-Bit Axe
14:08 Castle Age
13:48 Horse Collar
15:53 Bow Saw
21:05 Gold Mining
22:12 Pikeman
24:53 Wheelbarrow
25:04 Stone Mining
25:22 Anarchy
25:25 Scale Mail Armor
26:50 Squires
29:37 Imperial Age
27:27 Caravan
26:55 Man-at-Arms
27:38 Long Swordsman
29:59 Stone Shaft Mining
29:53 Two-Handed Swordsman
29:53 Halberdier
31:45 Heavy Plow
31:47 Champion
33:18 Chain Mail Armor
33:15 Forging
35:13 Iron Casting
42:16 Blast Furnace
Angusjack
9:00 Feudal Age
10:15 Double-Bit Axe
10:35 Gold Mining
10:28 Horse Collar
14:11 Castle Age
15:33 Bow Saw
15:29 Heavy Plow
19:04 Fletching
19:16 Padded Archer Armor
20:16 Crossbowman
21:42 Bodkin Arrow
22:15 Town Watch
27:29 Imperial Age
25:21 Squires
25:07 Arson
26:51 Forging
26:42 Scale Mail Armor
26:58 Leather Archer Armor
26:25 Pikeman
26:28 Elite Skirmisher
27:25 Fortified Wall
27:28 Masonry
28:09 Ballistics
27:32 Treadmill Crane
28:19 Bracer
28:49 Conscription
29:19 Crop Rotation
29:54 Two-Man Saw
29:42 Bogsveigar
30:58 Chemistry
30:27 Caravan
31:14 Gold Shaft Mining
30:14 Arbalester
31:37 Chieftains
32:08 Stone Mining
31:53 Elite Varangian Guard
33:26 Iron Casting
34:03 Chain Mail Armor
34:57 Blast Furnace
36:30 Plate Mail Armor
36:39 Ring Archer Armor
36:16 Capped Ram
40:42 Siege Ram
Great Gali Djowo
8:48 Feudal Age
8:37 Loom
10:32 Double-Bit Axe
10:33 Horse Collar
13:22 Castle Age
11:49 Stone Mining
12:42 Gold Mining
15:01 Bow Saw
17:45 Wheelbarrow
17:40 Heavy Plow
19:13 Detinets
19:50 Fletching
26:43 Hand Cart
26:17 Town Watch
31:32 Imperial Age
29:15 Forging
30:41 Gold Shaft Mining
30:49 Husbandry
31:00 Bloodlines
30:59 Scale Barding Armor
31:30 Iron Casting
31:14 Bodkin Arrow
31:42 Chain Barding Armor
31:45 Town Patrol
32:23 Ballistics
32:11 Caravan
32:12 Elite Boyar
33:46 Conscription
34:04 Hoardings
34:39 Blast Furnace
36:58 Chemistry
37:00 Murder Holes
37:16 Fortified Wall
36:35 Pikeman
37:15 Squires
36:36 Man-at-Arms
38:13 Plate Barding Armor
Connection lost

Rejoining the realm…

Still unreachable

The connection could not be restored.

Session expired

The server has moved on; the page needs a fresh start.